 Dungeon Crawl Stone Soup version 0.29-a0-668-g12ee2bf84d (webtiles) character file.

Game seed: 14218170698317190934

309 hquester1 the Skirmisher (level 6, 0/55 HPs)
             Began as a Minotaur Fighter on June 23, 2022.
             Slain by an ice beast (13 damage)
             ... on level 5 of the Dungeon.
             The game lasted 00:05:39 (2070 turns).

hquester1 the Skirmisher (Minotaur Fighter)         Turns: 2070, Time: 00:05:40

Health: 0/55       AC: 13    Str: 20    XL:     6   Next: 17%
Magic:  5/5        EV:  8    Int:  5    God:
Gold:   165        SH:  5    Dex: 12    Spells: 5/5 levels left

rFire   . . .      SeeInvis .   a - +0 flail
rCold   . . .      Faith    .   c - +0 buckler
rNeg    . . .      Spirit   .   e - +0 chain mail
rPois   .          Reflect  .   k - +0 hat
rElec   .          Harm     .   (no cloak)
rCorr   .          Rampage  .   (no gloves)
Will    .....                   (no boots)
Stlth   ..........              (no amulet)
HPRegen 0.18/turn               n - +4 ring of protection
MPRegen 0.09/turn               (no ring)

@: mighty
A: horns 2, retaliatory headbutt
a: no special abilities


You were on level 5 of the Dungeon.
You visited 1 branch of the dungeon, and saw 5 of its levels.

You collected 165 gold pieces.

Inventory:

Hand Weapons
 a - a +0 flail (weapon)
 q - a +0 war axe
Armour
 b - a +0 scale mail
 c - a +0 buckler (worn)
 e - a +0 chain mail (worn)
 k - a +0 hat (worn)
Jewellery
 n - a +4 ring of protection (left hand)
Scrolls
 g - 3 scrolls of identify
 h - a scroll of fog {unknown}
 i - 2 scrolls of amnesia {unknown}
 l - 2 scrolls of teleportation {unknown}
 m - a scroll of noise {unknown}
 p - a scroll of acquirement {unknown}
 s - a scroll of enchant weapon {unknown}
 t - a scroll of blinking {unknown}
 u - a scroll of brand weapon {unknown}
Potions
 f - 4 potions of curing
 j - 2 potions of berserk rage
 o - a potion of heal wounds
 r - a potion of lignification {unknown}


   Skills:
 + Level 4.9 Fighting
 + Level 4.0 Maces & Flails
 + Level 4.9 Armour
 + Level 2.8 Dodging
 + Level 4.9 Shields


You had 5 spell levels left.
You didn't know any spells.
Your spell library contained the following spells:

 Spells                   Type           Power      Damage    Failure   Level
 Shock                    Conj/Air       0%         1d3       100%        1
 Swiftness                Air            0%         N/A       100%        3
 Airstrike                Air            0%         N/A       100%        4
 Animate Armour           Summ/Erth      0%         N/A       100%        4
 Blade Hands              Tmut           0%         N/A       100%        5
 Iron Shot                Conj/Erth      0%         9d1       100%        6


Dungeon Overview and Level Annotations

Branches:
Dungeon (6/15)
 Temple: D:4-7

Altars:


Innate Abilities, Weirdness & Mutations

You have a pair of horns on your head.
You reflexively headbutt those who attack you in melee.


Message History

The gnoll is moderately wounded.
You block the gnoll's attack.
You hit the gnoll.
You headbutt the gnoll, but do no damage.
The gnoll is severely wounded.
The gnoll closely misses you.
You hit the gnoll.
The gnoll is almost dead.
You block the gnoll's attack. The gnoll hits you with a +0 halberd!
* * * LOW HITPOINT WARNING * * *
You completely miss the gnoll.
The gnoll is almost dead.
You block the gnoll's attack.
You sock the gnoll!
You kill the gnoll!
You closely miss the gnoll.
You headbutt the gnoll, but do no damage.
The gnoll hits you but does no damage.
You sock the gnoll! Your headbutt misses the gnoll.
The gnoll is severely wounded.
You block the gnoll's attack. x2
You hit the gnoll.
The gnoll is almost dead.
The gnoll barely misses you.
A scorpion comes into view.
You closely miss the gnoll. You headbutt the gnoll.
You kill the gnoll!
The scorpion stings you but does no damage.
You feel very mighty all of a sudden.
The scorpion stings you but does no damage.
You barely miss the scorpion. You block the scorpion's attack.
Unknown command.
You bludgeon the scorpion!!
You kill the scorpion!
Your Maces & Flails skill increases to level 4!
You have reached level 6!
You barely miss the ice beast. The ice beast hits you.
* * * LOW HITPOINT WARNING * * *
The ice beast freezes you!
You die...

#.. .###.....#
#.###.#......#
##.....# ....#
#.)....#.....
#..>..#..... #
#......# ###.#..
#.....###.....#
....#Y###.#......#
...###@...)#.....#
###
#......#......#
....#.....#.....##
.....#......#.####
#.... #.....####
#......#.####
#.....###. .#.###
.


You could see an ice beast.

Vanquished Creatures
  2 scorpions (D:5)
  A hound (D:6)
  An iguana (D:6)
  4 gnolls (D:5)
  2 adders
  An ufetubus (D:5)
  2 worms (D:2)
  A dart slug (D:3)
  2 orcs
  7 bats
  4 endoplasms
  A giant cockroach (D:2)
  6 hobgoblins
  6 jackals (D:1)
  7 kobolds
  A quokka (D:1)
  7 ball pythons
  3 frilled lizards
  A goblin (D:3)
  7 rats
66 creatures vanquished.

Vanquished Creatures (others)
  11 plants (D:1)
11 creatures vanquished.

Grand Total: 77 creatures vanquished

Notes
Turn   | Place    | Note
-------+----------+-------------------------------------------
     0 | D:1      | hquester1 the Minotaur Fighter began the quest for the Orb.
     0 | D:1      | Reached XP level 1. HP: 19/19 MP: 0/0
   236 | D:1      | Reached XP level 2. HP: 27/27 MP: 1/1
   404 | D:1      | Reached skill level 1 in Dodging
   641 | D:1      | Reached XP level 3. HP: 33/33 MP: 2/2
   918 | D:1      | Found a faded altar of an unknown god.
  1681 | D:3      | Reached XP level 4. HP: 40/40 MP: 3/3
  1953 | D:3      | You fall into a shaft and drop 3 floors!
  1997 | D:6      | Reached XP level 5. HP: 33/47 MP: 4/4
  1999 | D:5      | Entered Level 5 of the Dungeon
  2052 | D:5      | Noticed an ice beast
  2070 | D:5      | Reached XP level 6. HP: 16/55 MP: 5/5
  2070 | D:5      | Slain by an ice beast

Illustrated notes

Levels and vault maps discovered:
D:1:      nzn_arrival_settlement, layout_loops_corners,
          dilly_ecumenical_altar_fadedgnrine, st_stairs_12
D:2:      layout_rooms, minmay_pentomino_x4
D:3:      layout_basic, amcnicky_mini_rare_corridor_liquid
D:5:      nicolae_BIG_FREAKIN_CUBE, layout_loops_ring,
          mainiacjoe_overflow_catwalk
D:6:      layout_basic, led_xom_imps, uniq_maggie, uniq_prince_ribbit1

Skill      XL: |  1  2  3  4  5 |
---------------+----------------+-----
Dodging        | 1 2 |  2.8
Fighting       | 4 |  4.9
Armour         | 4 |  4.9
Shields        | 4 |  4.9
Maces & Flails | 3 4 |  4.0

Action                   |  1- 3 |  4- 6 || total
-------------------------+-------+-------++-------
Melee: Flail             |   115 |    51 ||   166
       Headbutt          |    19 |     9 ||    28
  Use: Scroll            |     3 |       ||     3
       Potion            |       |     1 ||     1
Armor: Chain mail        |    66 |    28 ||    94
       Scale mail        |     2 |       ||     2
Dodge: Dodged            |    37 |    17 ||    54
Block: Buckler           |    19 |    21 ||    40

Table legend: (Time is in decaauts)
 A = Elapsed time spent in this place.
 B = Non-inter-level travel time spent in this place.
 C = Inter-level travel time spent in this place.
 D = Time resting spent in this place.
 E = Time spent auto-exploring this place.
 F = Levels seen in this place.
 G = Mean time per level.
                   A        B        C        D        E       F      G
               +--------+--------+--------+--------+--------+-----+--------+
         Total |   2116 |   2058 |     58 |     24 |   1467 |   5 |  423.2 |
       Dungeon |   2116 |   2058 |     58 |     24 |   1467 |   5 |  423.2 |
               +--------+--------+--------+--------+--------+-----+--------+

Top non-repeatable levels by time:
     D:1: 1000 daAuts
     D:2: 601 daAuts
     D:3: 386 daAuts
     D:5: 79 daAuts
     D:6: 48 daAuts
